 Dungeon Crawl Stone Soup version 0.22-a0-443-g17c3723 (webtiles) character file.

53 KristoblXynda the Charmwright (level 3, 0/27 HPs)
             Began as a Demonspawn Skald on June 1, 2018.
             Slain by a goblin (4 damage)
             ... led by Robin
             ... on level 2 of the Dungeon.
             The game lasted 00:03:23 (1551 turns).

KristoblXynda the Charmwright (Demonspawn Skald)    Turns: 1551, Time: 00:03:23

Health: 0/27       AC:  5    Str: 12    XL:     3   Next: 62%
Magic:  0/6        EV: 11    Int: 14    God:
Gold:   50         SH:  0    Dex: 12    Spells: 5/6 levels left

rFire    . . .     SeeInvis .   a - +0 hand axe
rCold    . . .     Gourm    .   (no shield)
rNeg     . . .     Faith    .   g - +0 ring mail
rPois    .         Spirit   .   (helmet restricted)
rElec    .         Reflect  .   (no cloak)
rCorr    .         Harm     .   (no gloves)
MR       .....                  (no boots)
Stlth    +.........             (no amulet)
HPRegen  0.09/turn              (no ring)
MPRegen  0.10/turn              (no ring)

@: lethally poisoned (0 -> -8)
A: horns 1
a: no special abilities


You were on level 2 of the Dungeon.
You were not hungry.

You visited 1 branch of the dungeon, and saw 2 of its levels.

You collected 50 gold pieces.

Inventory:

Hand Weapons
 a - a +0 hand axe (weapon)
Armour
 g - a +0 ring mail (worn)
 j - a +0 buckler
Scrolls
 b - a scroll of amnesia {unknown}
 c - 2 scrolls of remove curse {unknown}
 e - 2 scrolls of teleportation {unknown}
 f - a scroll of identify {unknown}
 h - a scroll of fog {unknown}
Potions
 i - a potion of might {unknown}
Comestibles
 d - 5 rations
 k - 3 chunks of flesh


   Skills:
 - Level 2.0 Fighting
 * Level 2.7 Axes
 + Level 1.6 Armour
 - Level 2.0 Dodging
 - Level 2.0 Spellcasting
 + Level 3.1 Charms


You had 5 spell levels left.
You knew the following spells:

 Your Spells              Type           Power        Failure   Level  Hunger
a - Infusion              Chrm           ##..         14%         1    ##.....

Your spell library contained the following spells:

 Spells                   Type           Power        Failure   Level  Hunger
 Regeneration             Chrm/Necr      #.........   63%         3    ####...
 Shroud of Golubria       Chrm/Tloc      #.........   38%         2    ###....
 Song of Slaying          Chrm           ##......     22%         2    ###....
 Spectral Weapon          Hex/Chrm       #.......     63%         3    ####...


Dungeon Overview and Level Annotations

Branches:
Dungeon (2/15)

Altars:

Annotations:
D:2 Robin, Sigmund


Innate Abilities, Weirdness & Mutations

You have a pair of small horns on your head.


Message History

You hit Robin.
Robin is lightly wounded.
* * * LOW HITPOINT WARNING * * *
You feel sick. Robin throws the goblin at you!
The goblin hits you but does no damage.
Robin roars a battlecry!
The goblins go into a battle-frenzy!
You barely miss Robin.
Robin is lightly wounded.
You hit the goblin.
* * * LOW HITPOINT WARNING * * *
You feel sick. The goblin hits you.
* * * LOW HITPOINT WARNING * * *
Robin closely misses you.
You hit Robin but do no damage. Your headbutt misses Robin.
Robin is lightly wounded.
You barely miss the goblin.
You are no longer magically infusing your attacks.
The goblin hits you.
You die...

### ...##### .....#
....# #..# #
#..############ #
#.)..(.(.(...(.
#.####.##)..########
#gg@g.......# #
......####.##...# #
..#.# #.###.## # ..
#.# #.# # # #.# #.#
# #.# #.# #
#.###.##### #
#.........# # ###
#.###.#####


You could see Robin, a hobgoblin and a goblin.

Vanquished Creatures
  An adder (D:2)
  An ooze (D:1)
  A dart slug (D:1)
  2 giant cockroaches
  12 goblins
  4 hobgoblins
  2 jackals (D:1)
  A quokka (D:2)
  5 bats
  2 frilled lizards
  A kobold (D:1)
  A rat (D:2)
33 creatures vanquished.

Notes
Turn   | Place    | Note
-------+----------+-------------------------------------------
     0 | D:1      | KristoblXynda the Demonspawn Skald began the quest for the Orb.
     0 | D:1      | Reached XP level 1. HP: 16/16 MP: 3/3
   139 | D:1      | Reached skill level 1 in Armour
   464 | D:1      | Gained mutation: You have a pair of small horns on your head. [demonic ancestry]
   464 | D:1      | Reached XP level 2. HP: 22/22 MP: 5/5
   898 | D:2      | HP: 1/22 [adder (3)]
   908 | D:2      | Reached skill level 3 in Charms
   908 | D:2      | Reached XP level 3. HP: 3/27 MP: 4/6
  1197 | D:2      | Noticed Sigmund
  1533 | D:2      | Noticed Robin
  1551 | D:2      | Slain by a goblin

Vault maps used:
D:1:      zaba_arrival_water
D:2:      lightli_temple_of_fire, first_ration, uniq_crazy_yiuf_cottage,
          uniq_sigmund, uniq_robin

Skill      XL: |  1  2 |
---------------+-------+-----
Armour         | 1 |  1.6
Axes           | 2 |  2.7
Dodging        | 2 |  2.0
Charms         | 3 |  3.1
Fighting       | |  2.0
Spellcasting   | |  2.0

Action                   || total
-------------------------++-------
Melee: Hand axe          ||    88
       Headbutt          ||     8
 Cast: Infusion          ||     1
  Use: Potion            ||     1
 Stab: Invisible         ||     3
  Eat: Chunk             ||     2
Armor: Leather armour    ||    14
       Ring mail         ||    29
Dodge: Dodged            ||    70

Table legend:
 A = Spawn XP
 B = Non-spawn XP
 C = Spawn XP percentage of total XP
 D = Spawn monster count
 E = Non-spawn monster count
 F = Spawn count percentage of total count
 G = Total turns spent on level
                    A         B        C        D         E        F      G
               +---------+---------+-------+---------+---------+-------+---------
         Total |       0 |      76 |   0.0 |       0 |      33 |   0.0 |  1551
               +---------+---------+-------+---------+---------+-------+---------
           D:1 |       0 |      31 |   0.0 |       0 |      14 |   0.0 |  1039
           D:2 |       0 |      45 |   0.0 |       0 |      19 |   0.0 |   512
               +---------+---------+-------+---------+---------+-------+---------
